 Dungeon Crawl Stone Soup version 0.25-a0-1104-g1bb6b8da34 (webtiles) character file.

Game seed: 2595020782826412665, levelgen mode: deterministic

632 Krogger the Digger (level 7, 0/36 HPs)
             Began as a Gargoyle Earth Elementalist on May 16, 2020.
             Was a Follower of Vehumet.
             Slain by an orc wizard
             ... wielding a +0 dagger
              (2 damage)
             ... on level 4 of the Dungeon.
             The game lasted 00:09:04 (4285 turns).

Krogger the Digger (Gargoyle Earth Elementalist)    Turns: 4285, Time: 00:09:06

Health: 0/36       AC: 11    Str: 12    XL:     7   Next: 49%
Magic:  15/15      EV: 12    Int: 17    God:    Vehumet [*.....]
Gold:   119        SH:  0    Dex: 10    Spells: 5/16 levels left

rFire    . . .     SeeInvis .   e - +0 dagger (venom)
rCold    . . .     Gourm    .   (no shield)
rNeg     + . .     Faith    .   c - +1 robe
rPois    ∞         Spirit   .   (no helmet)
rElec    +         Reflect  .   q - +2 cloak
rCorr    .         Harm     .   j - +0 pair of gloves
MR       .....                  (no boots)
Stlth    ++........             (no amulet)
HPRegen  0.12/turn              (no ring)
MPRegen  0.14/turn              (no ring)

@: flying
A: negative energy resistance 1, electricity resistance, unbreathing,
petrification resistance, rot immunity, AC +4
a: Renounce Religion


You were on level 4 of the Dungeon.
You worshipped Vehumet.
Vehumet was aware of your devotion.
You were not hungry.

You visited 2 branches of the dungeon, and saw 5 of its levels.

You collected 119 gold pieces.

Inventory:

Hand Weapons
 e - a +0 dagger of venom (weapon)
 f - a +0 flail
 p - a +5 quarterstaff of chaos
Missiles
 b - 170 stones (quivered)
Armour
 c - a +1 robe (worn)
 j - a +0 pair of gloves (worn)
 q - a +2 cloak (worn)
Scrolls
 h - 2 scrolls of enchant weapon
 n - a scroll of magic mapping
 r - a scroll of teleportation
Potions
 g - 2 potions of stabbing
 k - a potion of degeneration {unknown}
 l - a potion of curing {unknown}
 m - a potion of flight
 o - a potion of heal wounds {unknown}
Comestibles
 d - 5 rations


   Skills:
 - Level 1.5 Dodging
 - Level 2.1 Stealth
 + Level 5.4 Spellcasting
 - Level 0.7 Transmutations
 + Level 7.6 Earth Magic


You had 5 spell levels left.
You knew the following spells:

 Your Spells              Type           Power        Failure   Level  Hunger
a - Sandblast             Erth           ####..       1%          1    None
b - Stone Arrow           Conj/Erth      ###...       9%          3    ##.....
c - Lee's Rapid Deconstr  Erth           ####......   17%         5    ######.
d - Passwall              Tmut/Erth      ###.....     3%          2    #......

Your spell library contained the following spells:

 Spells                   Type           Power        Failure   Level  Hunger
 Magic Dart               Conj           #...         14%         1    None
 Petrify                  Tmut/Erth      ###.....     24%         4    ####...


Dungeon Overview and Level Annotations

Branches:
Dungeon (4/15)             Temple (1/1) D:4

Altars:
Fedhas
Kikubaaqudgha
Makhleb
Nemelex Xobeh
Trog
Vehumet
Xom
The Shining One


Innate Abilities, Weirdness & Mutations

You are resistant to torment.
Your stone body is resilient. (AC +4)
You are immune to poison.
You resist negative energy. (rN+)
You are resistant to electric shocks. (rElec)
You can survive without breathing.
You are immune to petrification.
You are immune to rotting.


Message History

The orc wizard hits you but does no damage.
It was a potion of cancellation.
Your magical effects are unravelling.
You feel magically purged.
You feel yourself speed up.
The bullfrog hits you but does no damage.
The orc wizard hits you but does no damage.
The orc wizard points at you and mumbles some strange words.
The magic dart hits you.
* * * LOW HITPOINT WARNING * * *
The bullfrog hits you but does no damage.
The orc wizard hits you but does no damage.
The bullfrog hits you but does no damage.
It was a potion of flight.
You feel very buoyant.
You fly up into the air.
The orc wizard points at you and mumbles some strange words.
The magic dart hits you but does no damage.
The orc wizard hits you with a +0 dagger.
You die...

#.#........ #.#
##.#...##.# #.#
#....#)...# #.#
#...#..# #.#
##.##..# #.##
#)##..## #...
#..##o##...# ####
#..##F##...#
#..##o@#...#
#..###o#).#######
## #..#
#.#.........
..### #..#
#.#.########
#.... #..###.#.#
#..## ##..).....#
##..##
##.#.###.###
#####...##
#.###.##.#
.......>##
##.#.###.# #...##


You could see a bullfrog, 2 orc wizards and an orc.

Vanquished Creatures
  A phantom (D:4)
  2 scorpions (D:4)
  A crimson imp (D:4)
  2 orc priests
  3 orc wizards
  Crazy Yiuf (D:2)
  A worker ant (D:4)
  Terence (D:2)
  8 adders
  A gnoll (D:1)
  4 oozes
  An adder skeleton (D:4)
  3 worms
  3 dart slugs
  2 leopard geckos
  11 orcs
  A ball python (D:2)
  5 giant cockroaches
  9 goblins
  4 hobgoblins
  3 jackals (D:3)
  5 kobolds
  A quokka (D:3)
  5 bats
  7 frilled lizards
  9 rats
94 creatures vanquished.

Notes
Turn   | Place    | Note
-------+----------+-------------------------------------------
     0 | D:1      | Krogger the Gargoyle Earth Elementalist began the quest for
                  | the Orb.
     0 | D:1      | Reached XP level 1. HP: 10/10 MP: 3/3
    63 | D:1      | Reached skill level 4 in Earth Magic
    63 | D:1      | Reached XP level 2. HP: 10/15 MP: 0/5
   724 | D:1      | Reached XP level 3. HP: 10/19 MP: 6/6
   729 | D:1      | Learned a level 3 spell: Stone Arrow
   901 | D:1      | Found a sparkling altar of Nemelex Xobeh.
  1279 | D:2      | Found a bloodstained altar of Trog.
  1350 | D:2      | Reached XP level 4. HP: 20/24 MP: 4/8
  1590 | D:2      | Found a shimmering altar of Xom.
  1635 | D:2      | Reached skill level 5 in Earth Magic
  1739 | D:2      | Found an ancient bone altar of Kikubaaqudgha.
  2137 | D:2      | Found a blossoming altar of Fedhas.
  2137 | D:2      | Found a radiant altar of Vehumet.
  2141 | D:2      | Found a bloodstained altar of Trog.
  2194 | D:2      | Noticed Terence
  2203 | D:2      | Killed Terence
  2453 | D:2      | Found a runed translucent door.
  2454 | D:2      | Noticed Crazy Yiuf
  2462 | D:2      | Killed Crazy Yiuf
  2462 | D:2      | Reached XP level 5. HP: 28/28 MP: 2/10
  2469 | D:2      | Learned a level 5 spell: Lee's Rapid Deconstruction
  2539 | D:2      | Learned a level 2 spell: Passwall
  2552 | D:2      | Became a worshipper of Vehumet
  2966 | D:3      | Reached skill level 6 in Earth Magic
  3085 | D:3      | Reached XP level 6. HP: 30/32 MP: 12/12
  3119 | D:3      | Found a glowing golden altar of the Shining One.
  3326 | D:3      | Reached * piety under Vehumet
  3326 | D:3      | Offered knowledge of Magic Dart by Vehumet.
  3518 | D:3      | Found a faded altar of an unknown god.
  3881 | D:4      | Found a staircase to the Ecumenical Temple.
  3886 | Temple   | Entered the Ecumenical Temple
  3903 | D:4      | Found a burning altar of Makhleb.
  3952 | D:4      | Noticed a phantom
  3961 | D:4      | Killed a phantom
  3961 | D:4      | Reached skill level 5 in Spellcasting
  3961 | D:4      | Reached skill level 7 in Earth Magic
  3961 | D:4      | Reached XP level 7. HP: 36/36 MP: 7/14
  4284 | D:4      | HP: 1/36 [orc wizard/magic dart (4)]
  4285 | D:4      | Slain by an orc wizard

Illustrated notes

Levels and vault maps discovered:
D:1:      zaba_arrival_water, layout_loops_ring, nemelex_diamond_rough_becter
D:2:      layout_basic, lemuel_crystal_altar, lemuel_zombie_altar_kikubaaqudgha,
          nicolae_overflow_hidden_temple, first_ration, dk_noncrumbling_2,
          lemuel_statue_altar, uniq_crazy_yiuf_cottage, uniq_terence
D:3:      layout_rooms, old_standard_altar, chequers_ecumenical_altar_lobes,
          hex_medium
D:4:      layout_loops_ring, nicolae_overflow_crystal_walls, temple_doors_e
Temple:   jpeg_temple_island

Skill      XL: |  1  2  3  4  5  6 |
---------------+-------------------+-----
Earth Magic    | 4 5 6 7 |  7.6
Spellcasting   | 3 4 5 |  5.4
Dodging        | |  1.5
Stealth        | |  2.1
Transmutations | |  0.7

Action                   |  1- 3 |  4- 6 |  7- 9 || total
-------------------------+-------+-------+-------++-------
Melee: Unarmed           |     1 |       |       ||     1
       Flail             |    90 |    42 |       ||   132
       Dagger            |       |   118 |    53 ||   171
 Cast: Sandblast         |     8 |    37 |     3 ||    48
       Stone Arrow       |       |     1 |       ||     1
       Passwall          |       |     1 |       ||     1
       Lee's Rapid Decon |       |     1 |       ||     1
  Use: Scroll            |       |     7 |       ||     7
       Potion            |       |       |     2 ||     2
 Stab: Sleeping          |     3 |     4 |     2 ||     9
       Distracted        |       |     1 |       ||     1
  Eat: Chunk             |     2 |     9 |     1 ||    12
Armor: Robe              |    35 |    76 |    26 ||   137
Dodge: Dodged            |    86 |   113 |    24 ||   223

Table legend:
 A = Non-vault XP
 B = Vault XP
 C = Vault XP percentage of total XP
 D = Non-vault monster count
 E = Vault monster count
 F = Vault count percentage of total count
                 A         B        C        D         E       F
            +---------+---------+-------+---------+---------+-------
      Total |     833 |      71 |   7.9 |      92 |       2 |   2.1
            +---------+---------+-------+---------+---------+-------
        D:1 |      37 |       0 |   0.0 |      17 |       0 |   0.0
        D:2 |     123 |      71 |  36.6 |      24 |       2 |   7.7
        D:3 |     230 |       0 |   0.0 |      32 |       0 |   0.0
        D:4 |     443 |       0 |   0.0 |      19 |       0 |   0.0
            +---------+---------+-------+---------+---------+-------
